AoeStats
← audi

Socotra

504431547Analyzed
2v2 RM · 28d ago on Sep 5, 2026· 19m 10s· 4 players
Game mode
Random Map
Map size
Tiny (2 player)
Population
200
Speed
Normal
Resources
Standard
Victory
Conquest
Starting age
Dark Age
Ending age
Imperial Age
RankedLock teamsTeams togetherTeam positionsShared explorationLock speedFull tech treeHidden civsTurbo modeCheats
Victory
Defeat
🇹🇷 Ethiopians · Türkiye
1146
+14
🇹🇷 Celts · Türkiye
1116
+15
🇦🇺 Japanese · Australia
1124
-16
🇨🇳 Koreans · China
1063
-13
Timber
7:00 Loom
10:01 Feudal Age
10:39 Double-Bit Axe
11:09 Gold Mining
12:22 Fletching
15:34 Horse Collar
16:18 Padded Archer Armor
audi
3:44 Loom
14:53 Feudal Age
15:02 Man-at-Arms
15:34 Double-Bit Axe
16:05 Scale Mail Armor
16:16 Forging
nfdaddy5334
7:57 Loom
10:25 Feudal Age
11:09 Man-at-Arms
我是小菜鸡
Connection lost

Rejoining the realm…

Still unreachable

The connection could not be restored.

Session expired

The server has moved on; the page needs a fresh start.